PA
KENT COMETS @ CUT OFF CRAWDADS
07/19/2042
 
TOP OF THE 1ST
Kent Comets batting - Pitching for Cut Off Crawdads : RHP Herb Willis
Pitching: RHP Herb Willis
Batting: RHB Jai-guo Tian 0-0: Foul Ball, location: 2F
0-1: Ball
1-1: Bunted foul
1-2: SINGLE (Flyball, 89M, EV 90.6 MPH)
Batting: RHB Brian Matthews 0-0: Ball
Jai-guo Tian is caught stealing 2nd base 2-4
1-0: Called Strike
1-1: Swinging Strike
1-2: Strikes out swinging
Batting: RHB John Jackson 0-0: Ball
1-0: Ball
2-0: Foul Ball, location: 2F
2-1: SINGLE (Groundball, 6MD, EV 98.8 MPH)
Batting: RHB Raúl Rosa 0-0: Called Strike
0-1: Called Strike
0-2: Strikes out swinging
Top of the 1st over - 0 runs, 2 hits, 0 errors, 1 left on base; Kent 0 - Cut Off 0
BOTTOM OF THE 1ST
Cut Off Crawdads batting - Pitching for Kent Comets : RHP Janghyun Han
Pitching: RHP Janghyun Han
Batting: RHB Tim Hankins 0-0: Ball
1-0: Ball
2-0: Called Strike
2-1: Foul Ball, location: 2F
2-2: Ball
3-2: Ground out 4-3 (Groundball, 34, EV 82.5 MPH)
Batting: LHB Sam Wells 0-0: Fly out, F8 (Flyball, 8RM, EV 80.6 MPH)
Batting: RHB Ramón Gabriel 0-0: Ball
1-0: Fly out, F7 (Line Drive, 78M, EV 107.5 MPH)
Bottom of the 1st over - 0 runs, 0 hits, 0 errors, 0 left on base; Kent 0 - Cut Off 0
TOP OF THE 2ND
Kent Comets batting - Pitching for Cut Off Crawdads : RHP Herb Willis
Batting: RHB Ramón Suzuarregui 0-0: Called Strike
0-1: Ball
1-1: Ball
2-1: Swinging Strike
2-2: Fly out, F9 (Flyball, 9LMF, EV 88.8 MPH)
Batting: SHB Jesús Muñíz 0-0: Called Strike
0-1: Called Strike
0-2: Ground out U3 (Groundball, 3, EV 108.8 MPH)
Batting: RHB Jacob Gray 0-0: Called Strike
0-1: Ground out 1-3 (Groundball, 13S, EV 65.6 MPH)
Top of the 2nd over - 0 runs, 0 hits, 0 errors, 0 left on base; Kent 0 - Cut Off 0
BOTTOM OF THE 2ND
Cut Off Crawdads batting - Pitching for Kent Comets : RHP Janghyun Han
Batting: RHB Anthony Roosemont 0-0: Ball
1-0: Ball
2-0: Swinging Strike
2-1: DOUBLE (Flyball, 8RXD, EV 98.1 MPH)
Batting: LHB Adam Bisset 0-0: Ball
1-0: Called Strike
1-1: Fly out, F9 (Flyball, 9S, EV 83.1 MPH)
Batting: RHB Heng-zong Pao 0-0: Ball
1-0: Ball
2-0: Swinging Strike
2-1: Ball
3-1: Swinging Strike
3-2: Foul Ball, location: 2F
3-2: Base on Balls
Batting: SHB Gabriel Ortíz 0-0: Swinging Strike
0-1: Called Strike
0-2: Foul Ball, location: 2F
0-2: Ball
1-2: Ball
2-2: Strikes out swinging
Batting: RHB Michael Warner 0-0: Called Strike
0-1: Foul Ball, location: 2F
0-2: Foul Ball, location: 2F
0-2: Ball
1-2: Foul Ball, location: 2F
1-2: Ball
2-2: Fielders Choice at 2nd, 6-4 (Groundball, 6, EV 105.0 MPH)
Bottom of the 2nd over - 0 runs, 1 hit, 0 errors, 2 left on base; Kent 0 - Cut Off 0
TOP OF THE 3RD
Kent Comets batting - Pitching for Cut Off Crawdads : RHP Herb Willis
Batting: RHB León Galiano 0-0: Foul Ball, location: 2F
0-1: Ball
1-1: Fly out, F7 (Line Drive, 7, EV 95.6 MPH)
Batting: RHB Zhao-ji Pan 0-0: DOUBLE (Flyball, 8LXD, EV 105.0 MPH)
Batting: RHB Jai-guo Tian 0-0: Ball
Wild Pitch!
Zhao-ji Pan to third
1-0: Called Strike
1-1: Foul Ball, location: 2F
1-2: Ball
2-2: Ball
3-2: Strikes out swinging
Batting: RHB Brian Matthews 0-0: Foul Ball, location: 2F
0-1: Swinging Strike
0-2: Foul Ball, location: 2F
0-2: Strikes out looking
Top of the 3rd over - 0 runs, 1 hit, 0 errors, 1 left on base; Kent 0 - Cut Off 0
BOTTOM OF THE 3RD
Cut Off Crawdads batting - Pitching for Kent Comets : RHP Janghyun Han
Batting: RHB Alan Shepherd 0-0: Called Strike
0-1: Called Strike
0-2: Ground out 5-3 (Groundball, 56, EV 83.8 MPH)
Batting: RHB Tim Hankins 0-0: Foul Ball, location: 2F
0-1: Ball
1-1: Ball
2-1: Foul Ball, location: 2F
2-2: Ball
3-2: Foul Ball, location: 2F
3-2: Foul Ball, location: 2F
3-2: Ground out 5-3 (Groundball, 56, EV 96.2 MPH)
Batting: LHB Sam Wells 0-0: Ball
1-0: Foul Ball, location: 2F
1-1: Foul Ball, location: 2F
1-2: Ground out U3 (Groundball, 34D, EV 96.2 MPH)
Bottom of the 3rd over - 0 runs, 0 hits, 0 errors, 0 left on base; Kent 0 - Cut Off 0
TOP OF THE 4TH
Kent Comets batting - Pitching for Cut Off Crawdads : RHP Herb Willis
Batting: RHB John Jackson 0-0: Ball
1-0: Ball
2-0: Called Strike
2-1: Ground out 6-3 (Groundball, 6M, EV 101.2 MPH)
Batting: RHB Raúl Rosa 0-0: Called Strike
0-1: Swinging Strike
0-2: Ball
1-2: Ball
2-2: Strikes out looking
Batting: RHB Ramón Suzuarregui 0-0: Ground out 5-3 (Groundball, 5L, EV 85.6 MPH)
Top of the 4th over - 0 runs, 0 hits, 0 errors, 0 left on base; Kent 0 - Cut Off 0
BOTTOM OF THE 4TH
Cut Off Crawdads batting - Pitching for Kent Comets : RHP Janghyun Han
Batting: RHB Ramón Gabriel 0-0: SINGLE (Flyball, 89S, EV 87.5 MPH)
Batting: RHB Anthony Roosemont 0-0: Grounds into double play, 6-4-3 (Groundball, 6, EV 79.4 MPH)
Batting: LHB Adam Bisset 0-0: Ball
1-0: SINGLE (Line Drive, 8RS, EV 95.0 MPH)
Batting: RHB Heng-zong Pao 0-0: Ball
1-0: Foul Ball, location: 2F
1-1: SINGLE (Line Drive, 8LS, EV 100.6 MPH)
Adam Bisset to second
Runner from 2nd tries for 3rd, SAFE, no throw by CF
Batting: SHB Gabriel Ortíz 0-0: Called Strike
0-1: Ball
1-1: Ball
2-1: Ball
3-1: Foul Ball, location: 2F
3-2: Base on Balls
Heng-zong Pao to second
Batting: RHB Michael Warner 0-0: DOUBLE (Flyball, 8RXD, EV 102.5 MPH)
Adam Bisset scores
Heng-zong Pao scores
Gabriel Ortíz to third
Runner from 3rd tries for Home, SAFE, throw by CF to home
Batting: RHB Alan Shepherd 0-0: Ball
1-0: Called Strike
1-1: SINGLE (Line Drive, 34, EV 96.9 MPH)
Michael Warner to third
Batting: RHB Tim Hankins 0-0: Ball
1-0: Ball
2-0: SINGLE (Line Drive, 4D, EV 107.5 MPH)
Michael Warner scores
Alan Shepherd to second
Batting: LHB Sam Wells 0-0: Ball
1-0: Called Strike
1-1: Fly out, F9 (Flyball, 89S, EV 74.4 MPH)
Bottom of the 4th over - 4 runs, 6 hits, 0 errors, 2 left on base; Kent 0 - Cut Off 4
TOP OF THE 5TH
Kent Comets batting - Pitching for Cut Off Crawdads : RHP Herb Willis
Batting: SHB Jesús Muñíz 0-0: Called Strike
0-1: Ball
1-1: Called Strike
1-2: Strikes out swinging
Batting: RHB Jacob Gray 0-0: Swinging Strike
0-1: Swinging Strike
0-2: Ball
1-2: Ball
2-2: Foul Ball, location: 2F
2-2: Ball
3-2: Ground out 6-3 (Groundball, 6, EV 88.8 MPH)
Batting: RHB León Galiano 0-0: Ball
1-0: Ground out 6-3 (Groundball, 6, EV 110.6 MPH)
Top of the 5th over - 0 runs, 0 hits, 0 errors, 0 left on base; Kent 0 - Cut Off 4
BOTTOM OF THE 5TH
Cut Off Crawdads batting - Pitching for Kent Comets : RHP Janghyun Han
Batting: RHB Ramón Gabriel 0-0: Ground out 4-3 (Groundball, 4, EV 83.8 MPH)
Batting: RHB Anthony Roosemont 0-0: Ball
1-0: Ball
2-0: Ground out U3 (Groundball, 3, EV 89.4 MPH)
Batting: LHB Adam Bisset 0-0: Ball
1-0: Called Strike
1-1: Swinging Strike
1-2: Strikes out swinging
Bottom of the 5th over - 0 runs, 0 hits, 0 errors, 0 left on base; Kent 0 - Cut Off 4
TOP OF THE 6TH
Kent Comets batting - Pitching for Cut Off Crawdads : RHP Herb Willis
Batting: RHB Zhao-ji Pan 0-0: Called Strike
0-1: Fly out, F7 (Flyball, 78D, EV 86.9 MPH)
Batting: RHB Jai-guo Tian 0-0: Swinging Strike
0-1: Called Strike
0-2: Strikes out swinging
Batting: RHB Brian Matthews 0-0: Called Strike
0-1: Ball
1-1: Called Strike
1-2: Foul Ball, location: 2F
1-2: Foul Ball, location: 2F
1-2: Ball
2-2: Strikes out swinging
Top of the 6th over - 0 runs, 0 hits, 0 errors, 0 left on base; Kent 0 - Cut Off 4
BOTTOM OF THE 6TH
Cut Off Crawdads batting - Pitching for Kent Comets : RHP Janghyun Han
Batting: RHB Heng-zong Pao 0-0: Swinging Strike
0-1: Ground out 5-3 (Groundball, 56, EV 87.5 MPH)
Batting: SHB Gabriel Ortíz 0-0: Ball
1-0: Ground out 1-3 (Groundball, 23, EV 84.4 MPH)
Batting: RHB Michael Warner 0-0: Ball
1-0: Ball
2-0: Swinging Strike
2-1: Ball
3-1: Called Strike
3-2: Ground out 5-3 (Groundball, 5L, EV 91.9 MPH)
Bottom of the 6th over - 0 runs, 0 hits, 0 errors, 0 left on base; Kent 0 - Cut Off 4
TOP OF THE 7TH
Kent Comets batting - Pitching for Cut Off Crawdads : RHP Herb Willis
Batting: RHB John Jackson 0-0: Ball
1-0: Hit by Pitch
Batting: RHB Raúl Rosa 0-0: Ball
1-0: Called Strike
1-1: Foul Ball, location: 2F
1-2: DOUBLE (Line Drive, 7LM, EV 101.9 MPH)
John Jackson to third
Batting: RHB Ramón Suzuarregui 0-0: Called Strike
0-1: Called Strike
0-2: Ball
1-2: Foul Ball, location: 2F
1-2: Ball
2-2: Foul Ball, location: 2F
2-2: Strikes out swinging
Batting: SHB Jesús Muñíz 0-0: Ball
1-0: Ground out 4-3 (Groundball, 4, EV 84.4 MPH)
John Jackson scores
Raúl Rosa to third
Batting: RHB Jacob Gray 0-0: DOUBLE (Line Drive, 8RXD, EV 98.1 MPH)
Raúl Rosa scores
Batting: RHB León Galiano 0-0: Foul Ball, location: 2F
0-1: Ball
1-1: Foul Ball, location: 2F
1-2: Foul Ball, location: 2F
1-2: Ball
2-2: SINGLE (Line Drive, 4MD, EV 95.6 MPH)
Jacob Gray to third
Batting: RHB Zhao-ji Pan 0-0: Called Strike
0-1: Fly out, F7 (Line Drive, 7, EV 94.4 MPH)
Top of the 7th over - 2 runs, 3 hits, 0 errors, 2 left on base; Kent 2 - Cut Off 4
BOTTOM OF THE 7TH
Cut Off Crawdads batting - Pitching for Kent Comets : RHP Janghyun Han
Batting: RHB Alan Shepherd 0-0: Ball
1-0: Foul Ball, location: 2F
1-1: Foul Ball, location: 2F
1-2: SINGLE (Groundball, 13S, EV 65.0 MPH) (infield hit)
Batting: RHB Tim Hankins 0-0: Sac Bunt to 15 - play at first, batter OUT! 1-3
Alan Shepherd to second
Batting: LHB Sam Wells 0-0: Called Strike
0-1: Called Strike
0-2: Ball
1-2: Ball
2-2: Ball
3-2: Fly out, F5 (Popup, 56S, EV 85.6 MPH)
Batting: RHB Ramón Gabriel 0-0: Called Strike
0-1: Ball
1-1: Ground out 4-3 (Groundball, 4, EV 87.5 MPH)
Bottom of the 7th over - 0 runs, 1 hit, 0 errors, 1 left on base; Kent 2 - Cut Off 4
TOP OF THE 8TH
Kent Comets batting - Pitching for Cut Off Crawdads : RHP Herb Willis
Pitching: RHP Ray Hart
Batting: RHB Jai-guo Tian 0-0: Ball
1-0: Ball
2-0: Swinging Strike
2-1: Fly out, F8 (Flyball, 8RM, EV 86.9 MPH)
Batting: RHB Brian Matthews 0-0: Ball
1-0: Called Strike
1-1: Called Strike
1-2: Foul Ball, location: 2F
1-2: Ball
2-2: Foul Ball, location: 2F
2-2: Ground out 1-3 (Groundball, 13, EV 78.8 MPH)
Batting: RHB John Jackson 0-0: Called Strike
0-1: Ground out 4-3 (Groundball, 4, EV 98.8 MPH)
Top of the 8th over - 0 runs, 0 hits, 0 errors, 0 left on base; Kent 2 - Cut Off 4
BOTTOM OF THE 8TH
Cut Off Crawdads batting - Pitching for Kent Comets : RHP Janghyun Han
Batting: RHB Anthony Roosemont 0-0: Called Strike
0-1: Fly out, F9 (Flyball, 89D, EV 102.5 MPH)
Batting: LHB Adam Bisset 0-0: Foul Ball, location: 2F
0-1: Ball
1-1: Called Strike
1-2: Ball
2-2: Ball
3-2: Base on Balls
Pitching: LHP Jack Young
Batting: RHB Heng-zong Pao 0-0: Ball
1-0: Swinging Strike
1-1: Ball
2-1: Ball
3-1: Called Strike
3-2: Grounds into double play, 5-4-3 (Groundball, 5S, EV 90.0 MPH)
Bottom of the 8th over - 0 runs, 0 hits, 0 errors, 0 left on base; Kent 2 - Cut Off 4
TOP OF THE 9TH
Kent Comets batting - Pitching for Cut Off Crawdads : RHP Ray Hart
Pitching: RHP Lewis Goodman
Now at 2B: José Leyva
Batting: RHB Raúl Rosa 0-0: SINGLE (Groundball, 6, EV 82.5 MPH) (infield hit)
Pinch Hitting: LHB Jorge Hernández 0-0: Called Strike
0-1: Ball
1-1: SINGLE (Line Drive, 9LS, EV 105.0 MPH)
Raúl Rosa to second
Batting: SHB Jesús Muñíz 0-0: Bunted foul
0-1: Bunt - Flyout to 3S! F3
Batting: RHB Jacob Gray 0-0: Ball
1-0: Ball
2-0: Fly out, F4 (Popup, 4S, EV 66.9 MPH)
Batting: RHB León Galiano 0-0: Ball
1-0: Ground out 3-1 (Groundball, 34, EV 80.6 MPH)
Top of the 9th over - 0 runs, 2 hits, 0 errors, 2 left on base; Kent 2 - Cut Off 4
Friday, March 26th, 2021 - OOTP Baseball 20.8 Build 74